 Dungeon Crawl Stone Soup version 0.31-a0-600-g62dffe198b (webtiles) character file.

Game seed: 4942657848730889348

84287 MacCMillion the Metamorph (level 15, 0/158 HPs)
             Began as a Troll Shapeshifter on Aug 21, 2023.
             Was an Initiate of Gozag.
             Killed from afar by a manticore (13 damage)
             ... with a volley of spikes
             ... on level 13 of the Dungeon.
             The game lasted 00:44:39 (20777 turns).

MacCMillion the Metamorph (Troll Shapeshifter)     Turns: 20777, Time: 00:44:40

Health: 0/158      AC:  7    Str: 38    XL:     15   Next: 34%
Magic:  14/14      EV: 11    Int: 10    God:    Gozag
Gold:   5043       SH:  0    Dex: 18    Spells: 14/14 levels left

rFire   . .          .
                       - Unarmed
rCold   . . .        (no shield)
rNeg    . . .        a - melded +1 animal skin
rPois   .            V - +2 hat {Int+3}
rElec   .            j - +2 cloak
rCorr   .            (gloves unavailable)
SInv    +            (boots unavailable)
Will    +....        u - amulet "Peuni" {Regen+ Str+7 Int+3 SInv}
Stlth   ++           t - +6 ring of dexterity
HPRegen 2.06/turn    B - +4 ring of slaying
MPRegen 0.14/turn

%: no passive effects
@: maw-form, spiked
A: devouring maw, large, unfitting armour, claws 3, regeneration 1, shaggy fur
1, tough skin 1
a: Begin Untransformation, Renounce Religion, Potion Petition, Call Merchant,
Bribe Branch


You were on level 13 of the Dungeon.
You worshipped Gozag.
Gozag was greatly pleased with you.
You were a creature with a mouth for a stomach.
You visited 4 branches of the dungeon, and saw 21 of its levels.
You also visited: Sewer and Gauntlet.

You collected 8413 gold pieces.
You spent 1449 gold pieces at shops.
You paid 1921 gold pieces to Gozag.

Inventory:

Missiles
 i - 37 poisoned darts
 y - 18 large rocks (quivered)
 L - 15 curare-tipped darts
 M - 6 javelins
 Z - 5 boomerangs
Armour
 a - a +1 animal skin (melded)
 j - a +2 cloak (worn)
 V - a +2 hat of intelligence (worn)
Jewellery
 o - a ring of protection from fire
 t - a +6 ring of dexterity (left claw)
 u - the amulet "Peuni" (around neck) {Regen+ Str+7 Int+3 SInv}
   (You took it off an orc on level 3 of the Dungeon)

   [amulet of regeneration]

   Str+7:     It affects your strength (+7).
   Int+3:     It affects your intelligence (+3).
   SInv:      It lets you see invisible.
   Regen+:    It increases your rate of health regeneration.
 v - an amulet of the acrobat
 B - a +4 ring of slaying (right claw)
 I - a ring of wizardry
 X - the ring "Pero" {Wiz rF+ rCorr Str+4 Stlth-}
   (You found it in a Gauntlet)

   [ring of wizardry]

   Wiz:       It improves your spell success rate.
   Str+4:     It affects your strength (+4).
   rF+:       It protects you from fire.
   rCorr:     It protects you from acid and corrosion.
   Stlth-:    It makes you less stealthy.
 Y - a ring of ice
Talismans
 c - a granite talisman
 U - a maw talisman (active)
Wands
 r - a wand of paralysis (22)
 s - a wand of flame (47)
 z - a wand of iceblast (15)
 O - a wand of digging (18)
 S - a wand of acid (2)
 T - a wand of mindburst (13)
 W - a wand of polymorph (4)
Scrolls
 f - 2 scrolls of enchant weapon {unknown}
 g - 2 scrolls of noise
 h - 6 scrolls of poison
 k - 3 scrolls of revelation
 n - 2 scrolls of fear
 p - 3 scrolls of fog
 q - 3 scrolls of enchant armour
 w - 4 scrolls of teleportation
 A - 3 scrolls of immolation
 H - a scroll of silence {unknown}
 J - a scroll of torment {unknown}
 K - 2 scrolls of amnesia {unknown}
 Q - 3 scrolls of vulnerability
 R - a scroll of identify
Potions
 b - a potion of lignification
 d - 9 potions of ambrosia
 e - 3 potions of curing
 l - 4 potions of attraction
 m - 2 potions of might
 x - 2 potions of magic
 C - 2 potions of enlightenment
 D - 3 potions of haste
 E - 5 potions of brilliance
 F - 2 potions of cancellation
 N - 2 potions of mutation
 P - a potion of berserk rage


   Skills:
 + Level 12.5 Fighting
 - Level 5.0 Throwing
 + Level 3.1 Dodging
 + Level 14.0 Unarmed Combat
 + Level 4.3 Evocations
 - Level 15.0 Shapeshifting


You had 14 spell levels left.
You didn't know any spells.
Your spell library contained the following spells:

 Spells                   Type           Power      Damage    Failure   Level
 Sandblast                Erth           0%         2d4       36%         1
 Summon Small Mammal      Summ           0%         N/A       36%         1
 Passwall                 Tmut/Erth      0%         N/A       50%         2
 Sublimation of Blood     Necr           0%         N/A       50%         2
 Call Canine Familiar     Summ           0%         N/A       75%         3
 Frozen Ramparts          Ice            0%         1d1       75%         3
 Inner Flame              Hex/Fire       0%         N/A       75%         3
 Portal Projectile        Hex/Tloc       0%         N/A       75%         3
 Stone Arrow              Conj/Erth      0%         3d7       75%         3
 Summon Guardian Golem    Hex/Summ       0%         N/A       75%         3
 Tukima's Dance           Hex            0%         N/A       75%         3
 Iskenderun's Mystic Bla  Conj/Tloc      0%         2d3       98%         4
 Petrify                  Tmut/Erth      0%         N/A       98%         4
 Metabolic Englaciation   Hex/Ice        0%         N/A       100%        5
 Yara's Violent Unravell  Hex/Tmut       0%         3d3       100%        5
 Enfeeble                 Hex            0%         N/A       100%        7
 Borgnjor's Revivificati  Necr           0%         N/A       100%        8
 Death's Door             Necr           0%         N/A       100%        9


Dungeon Overview and Level Annotations

Branches:
Dungeon (13/15)            Temple (1/1) D:4            Lair (5/5) D:8
 Shoals (0/4) Lair:2       Spider (0/4) Lair:3        Slime (0/5) Lair:4
    Orc (2/2) D:10            Elf (0/3) Orc:2         Sewer (visited)
Gauntlet (visited)
 Vaults: D:13-14

Altars:
Ashenzari
Cheibriados
Dithmenos
Elyvilon
Fedhas
Gozag
Hepliaklqana
Kikubaaqudgha
Makhleb
Nemelex Xobeh
Okawaru
Qazlal
Ru
Sif Muna
Trog
Uskayaw
Vehumet
Wu Jian
Xom
Yredelemnul
Zin
The Shining One

Shops:
D:1 =   D:8 **=   D:10 ([   Orc:2 [*[(!

Portals:
Abyss: D:4

Annotations:
D:3 1 runed translucent door
D:4 2 transporters, 1 runed translucent door, Crazy Yiuf; hitsuchi's ghost, amateur MeEE
D:13 Jorgrun
Lair:3 1 runed translucent door, flt's ghost, journeyman FeSh


Innate Abilities, Weirdness & Mutations

You are a creature with a mouth for a stomach.
Your midsection houses a second, enormous mouth.
You are too large for most types of armour.
You have claws for hands.
Your natural rate of healing is unusually fast.
You are covered in fur. (AC +1)
You have tough skin. (AC +1)


Message History

Unknown command.
Okay, then.
Blink to where?
Press: ? - help, Dir - move target You escape the roots grasp.
As you read the scroll of blinking, it crumbles to dust.
A manticore comes into view.
Found a ring mail.
You hear a grinding noise.
Found an escape hatch in the ceiling.
You hear a grinding noise.
You hear a grinding noise.
The manticore flicks its tail.
The volley of spikes hits you!
The barbed spikes become lodged in your body.
* * * LOW HITPOINT WARNING * * *
There is nothing to cancel.
Okay, then.
You feel better.
You feel better.
The manticore flicks its tail.
The volley of spikes misses you.
You hear a grinding noise.
The barbed spikes dig painfully into your body as you move.
* * * LOW HITPOINT WARNING * * *
The manticore flicks its tail.
The volley of spikes misses you.
The barbed spikes dig painfully into your body as you move.
* * * LOW HITPOINT WARNING * * *
The manticore flicks its tail.
The volley of spikes hits you!
The barbed spikes become lodged in your body.
* * * LOW HITPOINT WARNING * * *
The barbed spikes dig painfully into your body as you move.
* * * LOW HITPOINT WARNING * * *
The manticore flicks its tail.
The volley of spikes hits you!
The barbed spikes become lodged in your body.
You die...
Your body crumbles into a pile of gold.

# ##.## ##.##.######
######......... .
####.(........#.## # ###
#.......#........### ..#
#.............#.#.<.
#.####..........g..#.#.##
#.#..<..W.............[.g
#######.#.##......H#.#.......[.
..........##.......#.#.#.###...
######.#.##.............# ####
#######.#.##########.#.### #
......[...######## #.#.# ######
####.##........... [ . .......
# ##..######## ## #.####. #.
#..# .#


You could see a manticore.

Vanquished Creatures
  Saint Roka (Orc:1)
  Frances (D:13)
  Gastronok (D:8)
  Nessos (Orc:2)
  Fannar (D:11)
  8 hydras
  Erica (D:8)
  3 two-headed ogres
  4 boulder beetles
  4 catoblepae
  8 death yaks
  2 death scarabs (Gauntlet)
  4 orc high priests (Orc:2)
  Urug (D:11)
  Sonja (Lair:2)
  2 skysharks
  Lodul (D:10)
  A spectral death yak (Gauntlet)
  An orange crystal statue (Gauntlet)
  An orc knight (D:10)
  A spectral hydra (Gauntlet)
  An orc sorcerer (Orc:2)
  2 ugly things
  4 oklob plants (Lair:4)
  2 cyclopes
  3 manticores
  Maurice (D:11)
  A merfolk siren (Lair:2)
  27 elephants
  4 black mambas
  A torpor snail (Lair:2)
  11 cane toads
  2 kobold demonologists (D:10)
  An unseen horror (D:11)
  2 gargoyles (D:11)
  13 komodo dragons
  4 rime drakes
  3 meliai (D:12)
  A queen bee (D:12)
  4 polar bears
  A hornet (D:8)
  2 trolls
  11 blink frogs
  5 dream sheep (Lair:5)
  A spectral black mamba (Gauntlet)
  6 culicivoras (Lair:3)
  A vampire (D:11)
  3 wraiths
  3 basilisks
  A fire elemental (Lair:3)
  3 wyverns
  47 yaks
  5 steam dragons
  A spectral cane toad (Gauntlet)
  3 acid dragons
  A warg (Orc:1)
  13 water moccasins
  28 orc warriors
  2 ice beasts
  4 black bears
  A sky beast (D:3)
  17 ogres
  17 wolves
  4 centaurs
  6 kobold brigands
  10 bullfrogs
  A gnoll sergeant (D:12)
  3 scorpions
  10 wights
  35 killer bees
  3 howler monkeys
  5 electric eels
  A lava snake (Lair:3)
  4 hounds
  28 orc priests
  A gnoll bouda (D:6)
  3 jellies
  Terence (D:3)
  An iguana (D:5)
  Natasha (thrice) (D:2)
  27 orc wizards
  Ijyb (D:1)
  4 hell rats (Lair:2)
  Robin (D:1)
  12 adders
  6 river rats (Sewer)
  12 gnolls
  A shadow imp (D:8)
  2 white imps (D:7)
  4 worms
  3 dart slugs
  80 orcs
  19 ball pythons
  14 endoplasms
  4 giant cockroaches
  23 goblins
  15 hobgoblins
  3 quokkas
  2 bats
  6 frilled lizards
  A jackal skeleton (D:3)
  27 kobolds
  33 rats
730 creatures vanquished.

Vanquished Creatures (others)
  An orc wizard (Orc:2)
  A kobold (D:9)
2 creatures vanquished.

Grand Total: 732 creatures vanquished

Notes
Turn   | Place    | Note
-------+----------+-------------------------------------------
     0 | D:1      | MacCMillion the Troll Shapeshifter began the quest for the
                  | Orb.
     0 | D:1      | Reached XP level 1. HP: 18/18 MP: 0/0
   129 | D:1      | Reached XP level 2. HP: 26/26 MP: 1/1
   371 | D:1      | Found a faded altar of an unknown god.
   610 | D:1      | Found Jeng's One-of-a-Kind Rings.
   834 | D:2      | Noticed Robin
   840 | D:2      | Reached XP level 3. HP: 20/32 MP: 2/2
   978 | D:1      | Killed Robin
  1012 | D:2      | Reached skill level 5 in Unarmed Combat
  1012 | D:2      | Reached XP level 4. HP: 40/40 MP: 3/3
  1564 | D:2      | Noticed Natasha
  1566 | D:2      | Killed Natasha
  1567 | D:2      | Reached XP level 5. HP: 46/46 MP: 4/4
  1788 | D:2      | Noticed Ijyb
  1800 | D:2      | Noticed Natasha
  1808 | D:2      | Killed Natasha
  1850 | D:1      | Paralysed by Ijyb for 5 turns
  1859 | D:1      | Killed Ijyb
  2015 | D:2      | Noticed Natasha
  2024 | D:2      | Killed Natasha
  2194 | D:3      | Found a shimmering altar of Xom.
  2213 | D:3      | Identified the amulet "Peuni" {Regen+ Str+7 Int+3 SInv}
  2284 | D:3      | Found an opulent altar of Gozag.
  2319 | D:3      | Became a worshipper of Gozag Ym Sagoz the Greedy
  2333 | D:3      | Noticed Terence
  2336 | D:3      | Found a runed translucent door.
  2336 | D:3      | Noticed a human
  2339 | D:3      | Killed Terence
  2340 | D:3      | Reached XP level 6. HP: 44/54 MP: 5/5
  2341 | D:3      | Found a basalt altar of Yredelemnul.
  2597 | D:3      | Found a stormy altar of Qazlal.
  2597 | D:3      | Noticed a sky beast
  2606 | D:3      | Killed a sky beast
  2765 | D:4      | Found a transporter.
  2782 | D:4      | Noticed a small abomination
  2785 | D:4      | Found a staircase to the Ecumenical Temple.
  2801 | Temple   | Entered the Ecumenical Temple
  2839 | D:4      | Reached XP level 7. HP: 57/61 MP: 6/6
  2877 | D:4      | Noticed hitsuchi's ghost (amateur MeEE)
  2878 | D:4      | Found a shimmering blue altar of Sif Muna.
  2896 | D:4      | Found a one-way gate to the infinite horrors of the Abyss.
  3303 | D:4      | Noticed a steam dragon
  3312 | D:4      | Killed a steam dragon
  3359 | D:4      | Found a transporter.
  3890 | D:4      | Found a runed translucent door.
  3891 | D:4      | Noticed Crazy Yiuf
  3946 | D:5      | Entered Level 5 of the Dungeon
  3998 | D:5      | Found a glowing drain.
  4014 | Sewer    | Entered a sewer
  4520 | D:5      | Reached XP level 8. HP: 64/68 MP: 7/7
  4686 | D:5      | Reached skill level 10 in Unarmed Combat
  4696 | D:5      | Found a snail-covered altar of Cheibriados.
  5499 | D:5      | Reached skill level 1 in Fighting
  5816 | D:6      | Found a glowing golden altar of the Shining One.
  5886 | D:6      | Reached skill level 4 in Shapeshifting
  6051 | D:6      | Reached XP level 9. HP: 81/81 MP: 8/8
  6400 | D:7      | Found a radiant altar of Vehumet.
  6420 | D:7      | Reached skill level 5 in Shapeshifting
  6786 | D:7      | Paralysed by an orc for 2 turns
  6876 | D:7      | Found a bloodstained altar of Trog.
  7068 | D:8      | Found a staircase to the Lair.
  7116 | D:8      | Paralysed by a hornet for 1 turns
  7118 | D:8      | Reached skill level 5 in Fighting
  7198 | D:8      | Noticed Erica
  7220 | D:8      | Noticed Gastronok
  7233 | D:8      | Killed Erica
  7234 | D:8      | Reached skill level 6 in Shapeshifting
  7286 | D:8      | Killed Gastronok
  7287 | D:8      | Reached skill level 7 in Shapeshifting
  7287 | D:8      | Reached XP level 10. HP: 51/100 MP: 9/9
  7521 | D:8      | Found a blossoming altar of Fedhas.
  7605 | D:8      | Found an ancient bone altar of Kikubaaqudgha.
  7717 | D:8      | Found an ornate altar of the Wu Jian Council.
  7874 | D:9      | Got the Precepts of the Dead
  8220 | D:9      | Noticed a two-headed ogre
  8462 | D:9      | Killed a two-headed ogre
  8463 | D:9      | Reached skill level 8 in Shapeshifting
  8865 | D:10     | Entered Level 10 of the Dungeon
  8865 | D:10     | Noticed an orc knight
  8953 | D:10     | Reached XP level 11. HP: 111/111 MP: 10/10
  8993 | D:10     | Noticed a two-headed ogre
  9075 | D:10     | Reached skill level 9 in Shapeshifting
  9076 | D:10     | Noticed a sun demon
  9078 | D:10     | Noticed a sun demon
  9255 | D:10     | Noticed Lodul
  9446 | D:10     | Killed an orc knight
  9895 | D:10     | Found Tacsaet's Weapon Shop.
  9897 | D:10     | Found a staircase to the Orcish Mines.
  9904 | D:10     | Found Siapirgha's Armour Shop.
  9916 | D:10     | Killed a two-headed ogre
 10134 | D:10     | Killed Lodul
 10145 | D:10     | Reached skill level 10 in Shapeshifting
 10732 | D:11     | Noticed a two-headed ogre
 10739 | D:11     | Killed a two-headed ogre
 10740 | D:11     | Reached skill level 10 in Fighting
 10772 | D:11     | Noticed a boulder beetle
 10779 | D:11     | Killed a boulder beetle
 10840 | D:11     | Noticed Urug
 10851 | D:11     | Killed Urug
 10852 | D:11     | Reached XP level 12. HP: 34/126 MP: 11/11
 10921 | D:11     | Noticed Fannar
 10928 | D:11     | Killed Fannar
 11092 | D:11     | Reached skill level 5 in Throwing
 11172 | D:11     | Noticed Maurice
 11182 | D:11     | Killed Maurice
 11414 | Lair:1   | Entered Level 1 of the Lair of Beasts
 11596 | D:8      | Bought a fuming golden potion for 26 gold pieces
 12447 | Lair:2   | Reached skill level 11 in Shapeshifting
 12651 | Lair:2   | Noticed Sonja
 12660 | Lair:2   | Killed Sonja
 12872 | Lair:2   | Noticed a catoblepas
 12878 | Lair:2   | Killed a catoblepas
 12964 | Lair:2   | Reached skill level 12 in Shapeshifting
 13286 | Lair:2   | Found a staircase to the Shoals.
 13494 | Lair:3   | Found a runed translucent door.
 13524 | Lair:3   | Reached XP level 13. HP: 103/133 MP: 12/12
 13593 | Lair:3   | Found a gate leading to a gauntlet.
 13639 | Gauntlet | Entered a Gauntlet
 13639 | Gauntlet | Found a transporter.
 13639 | Gauntlet | Found a transporter.
 13640 | Gauntlet | Found a transporter.
 13643 | Gauntlet | Found a transporter.
 13643 | Gauntlet | Found a transporter.
 13653 | Gauntlet | Found a transporter.
 13720 | Gauntlet | Found a transporter.
 13730 | Gauntlet | Found a transporter.
 13745 | Gauntlet | Found a transporter.
 13755 | Gauntlet | Found a transporter.
 13770 | Gauntlet | Found a transporter.
 13776 | Gauntlet | Found a transporter.
 13854 | Gauntlet | Reached skill level 13 in Shapeshifting
 13945 | Gauntlet | Identified the ring "Pero" {Wiz rF+ rCorr Str+4 Stlth-}
 13964 | Gauntlet | Noticed a minotaur
 14028 | Lair:3   | Found a hole to the Spider Nest.
 14245 | Lair:3   | Reached skill level 14 in Shapeshifting
 14860 | Lair:3   | Noticed flt's ghost (journeyman FeSh)
 15467 | Lair:4   | Reached skill level 15 in Shapeshifting
 15640 | D:8      | Bought a granite talisman for 1040 gold pieces
 16159 | Lair:4   | Reached skill level 1 in Evocations
 16258 | Lair:4   | Found a staircase to the Slime Pits.
 16570 | Lair:4   | Reached XP level 14. HP: 144/144 MP: 13/13
 16644 | Lair:5   | Entered Level 5 of the Lair of Beasts
 17098 | Lair:5   | Identified the +6 shortbow of Zin's Inspiration {freeze,
                  | rC+ Int+5}
 18089 | Orc:1    | Entered Level 1 of the Orcish Mines
 18544 | Orc:2    | Entered Level 2 of the Orcish Mines
 18561 | Orc:2    | Noticed Nessos
 18579 | Orc:2    | Killed Nessos
 18708 | Orc:2    | Reached XP level 15. HP: 157/157 MP: 14/14
 18922 | Orc:2    | Noticed Saint Roka
 19121 | Orc:1    | Killed Saint Roka
 19308 | Orc:2    | Found Cueh's Antique Armour Emporium.
 19388 | Orc:2    | Found Kyism's General Store.
 19388 | Orc:2    | Found Nuffah's Antique Armour Emporium.
 19389 | Orc:2    | Found Xuulevya's Distillery.
 19393 | Orc:2    | Found Numuumm's Weapon Shoppe.
 19439 | Orc:2    | Bought a potion of cancellation for 136 gold pieces
 19440 | Orc:2    | Bought a glowing cloak for 247 gold pieces
 19525 | Orc:2    | Found a staircase to the Elven Halls.
 20611 | D:13     | Noticed Frances
 20616 | D:13     | Killed Frances
 20743 | D:13     | Noticed Jorgrun
 20777 | D:13     | Killed from afar by a manticore

Illustrated notes

Levels and vault maps discovered:
D:1:      enne_arrival_octagon_isle, layout_loops_ring,
          hellmonk_ecumenical_altar_inner_sanctum, nicolae_shop_unique_rings
D:2:      kennysheep_the_goblin_king, layout_loops_corners,
          kennysheep_minor_cross, roderic_lattice_a, uniq_natasha, uniq_robin
D:3:      layout_rooms, nicolae_qazlal_beasts_of_the_sky,
          mainiacjoe_overflow_brackets, dk_yredelemnul_ordeal,
          grunt_gozag_breadcrumbs, uniq_terence
D:4:      layout_basic, amcnicky_altar_gilded, minmay_temple_entry_hall,
          gammafunk_ghost_abyssal_escape, uniq_crazy_yiuf_cottage
D:5:      layout_gridville, nicolae_overflow_crystal_walls,
          cheibrodos_sewer_entry_drain, fountainhead
D:6:      layout_gridville, nicolae_tso_swordbearing_angel
D:7:      layout_loops_ring, vehumet_altar_wand_db, trog_hazing_becter,
          kennysheep_generic_room_15
D:8:      layout_cave_pools, nicolae_wu_jian_immortal_techniques,
          general_overflow_altar, mainiacjoe_overflow_surrounded_room,
          lair_entry_dummy, uniq_gastronok, uniq_erica
D:9:      layout_cave_pools, st_stairs_3
D:10:     layout_cave_pools, orc_david_3, serial_column_ruins, column_ruins_hut,
          column_ruins_hut_ruined, column_ruins_open_medium,
          column_ruins_open_small, column_ruins_columns_water,
          column_ruins_columns_straight, column_ruins_corridor_T,
          column_ruins_open_medium_water, column_ruins_open_small, uniq_lodul
D:11:     layout_irregular_city, uniq_fannar, uniq_urug, uniq_maurice
D:12:     layout_roguey [special_room_bee], special_room [special_room_orc]
D:13:     layout_loops_ring, serial_glass, glass_columns_b, glass_columns_a,
          uniq_erolcha, uniq_frances, uniq_jorgrun
Temple:   eino_wide_crystal_templ
Lair:1:   layout_roguey
Lair:2:   statuecave_lemuel, layout_loops_ring,
          minmay_shoals_entry_lonely_mermaid, serial_rivers,
          chequers_serial_rivers_room_b, chequers_serial_rivers_marsh,
          chequers_serial_rivers_marsh, chequers_serial_rivers_micro_b,
          chequers_serial_rivers_room_b, serial_bayou_shore_b, uniq_sonja
Lair:3:   layout_gridlike, hellmonk_spider_entry_life_and_decay,
          ebering_ghost_reflecting_pool, gauntlet_entry_generic
Lair:4:   minmay_lair_oklob_chamber, layout_layer_cave, dpeg_slime_entry_corner
Lair:5:   evilmike_catoblepas_cave, layout_cave_pods, grunt_megastairs_2
Orc:1:    layout_caves
Orc:2:    st_orc_mages, layout_caves, serial_shops, shop, uniq_nessos,
          uniq_saint_roka

Skill      XL: |  1  2  3  4  5  6  7  8  9 10 11 12 13 14 15 |
---------------+----------------------------------------------+-----
Unarmed Combat | 4 5 6 8 9 11 13 14 | 14.0
Fighting       | 3 6 7 10 12 | 12.5
Shapeshifting  | 4 7 8 10 12 15 | 15.0
Throwing       | 3 5 |  5.0
Evocations     | 1 3 4 |  4.3
Dodging        | 3 |  3.1

Action                     |  1- 3 |  4- 6 |  7- 9 | 10-12 | 13-15 || total
---------------------------+-------+-------+-------+-------+-------++-------
  Melee: Unarmed           |    75 |   132 |   288 |   349 |   596 ||  1440
         Punch             |       |     4 |    11 |    27 |    35 ||    77
         Maw               |       |       |       |    85 |    45 ||   130
  Throw: Dart              |       |       |     6 |     4 |     6 ||    16
         Large rock        |       |       |     3 |     4 |    33 ||    40
         Javelin           |       |       |       |     2 |     6 ||     8
 Invoke: Call Merchant     |       |       |       |     3 |       ||     3
  Evoke: Wand              |       |       |     1 |    11 |     1 ||    13
    Use: Scroll            |       |       |       |    17 |     5 ||    22
         Potion            |       |       |       |       |     4 ||     4
   Stab: Sleeping          |       |       |     2 |       |     2 ||     4
         Distracted        |       |       |     1 |     2 |     8 ||    11
         Petrified         |       |       |       |       |     1 ||     1
 Armour: Animal skin       |    19 |    26 |    66 |    28 |       ||   139
         Skin              |       |       |       |    28 |   571 ||   599
  Dodge: Dodged            |    27 |    48 |   126 |   148 |   450 ||   799
   Form: Maw               |       |       |       |     1 |     1 ||     2
         Statue            |       |       |       |       |     1 ||     1

Table legend: (Time is in decaauts)
 A = Elapsed time spent in this place.
 B = Non-inter-level travel time spent in this place.
 C = Inter-level travel time spent in this place.
 D = Time resting spent in this place.
 E = Time spent auto-exploring this place.
 F = Levels seen in this place.
 G = Mean time per level.
                   A        B        C        D        E       F      G
               +--------+--------+--------+--------+--------+-----+--------+
         Total |  23156 |  21812 |   1344 |   3353 |  13845 |  23 | 1006.8 |
       Dungeon |  12377 |  11698 |    679 |   1588 |   7628 |  13 |  952.1 |
        Temple |      5 |      5 |      0 |      0 |      0 |   1 |    5.0 |
          Lair |   7344 |   6770 |    574 |    639 |   4834 |   5 | 1468.8 |
  Orcish Mines |   2595 |   2506 |     89 |   1023 |   1018 |   2 | 1297.5 |
         Sewer |    480 |    480 |      0 |    100 |    201 |   1 |  480.0 |
      Gauntlet |    352 |    352 |      0 |      3 |    164 |   1 |  352.0 |
               +--------+--------+--------+--------+--------+-----+--------+

Top non-repeatable levels by time:
  Lair:5: 1874 daAuts
  Lair:4: 1818 daAuts
     D:9: 1531 daAuts
   Orc:1: 1528 daAuts
     D:4: 1297 daAuts
  Lair:3: 1275 daAuts
  Lair:2: 1259 daAuts
     D:2: 1250 daAuts
  Lair:1: 1116 daAuts
     D:5: 1107 daAuts
   Orc:2: 1067 daAuts
    D:10: 1065 daAuts
    D:12: 1020 daAuts
    D:11: 957 daAuts
     D:8: 954 daAuts
